 Dungeon Crawl Stone Soup version 0.26-a0-738-g91b530ce93 (webtiles) character file.

Game seed: 1760747186899017882

1839 2tc the Carver (level 8, 0/56 HPs)
             Began as a Demonspawn Gladiator on Nov 5, 2020.
             Was a Believer of Kikubaaqudgha.
             Slain by an ice beast (14 damage)
             ... on level 7 of the Dungeon.
             The game lasted 00:31:11 (8287 turns).

2tc the Carver (Demonspawn Gladiator)               Turns: 8287, Time: 00:31:15

Health: 0/56       AC:  7    Str: 14    XL:     8   Next: 87%
Magic:  9/9        EV: 12    Int: 12    God:    Kikubaaqudgha [**....]
Gold:   275        SH:  0    Dex: 15    Spells: 5/9 levels left

rFire    . . .     SeeInvis .   a - +1 long sword
rCold    . . .     Faith    .   (no shield)
rNeg     + . .     Spirit   .   b - +1 leather armour
rPois    .         Reflect  .   (helmet restricted)
rElec    .         Harm     .   (no cloak)
rCorr    .         Rampage  .   (no gloves)
MR       +....                  w - +0 pair of boots
Stlth    +.........             (no amulet)
HPRegen  0.18/turn              j - ring of positive energy
MPRegen  0.11/turn              s - ring of protection from magic

@: mighty
A: antennae 2, slimy green scales 1, powered by death 2, powered by pain 1
a: Receive Corpses, Renounce Religion


You were on level 7 of the Dungeon.
You worshipped Kikubaaqudgha.
Kikubaaqudgha was pleased with you.
You visited 1 branch of the dungeon, and saw 7 of its levels.

You collected 275 gold pieces.

Inventory:

Hand Weapons
 a - a +1 long sword (weapon)
 k - a +1 hand axe of draining
 l - a cursed -3 hunting sling
Missiles
 d - 3 throwing nets (quivered)
Armour
 b - a +1 leather armour (worn)
 f - a +0 ring mail
 g - a +0 kite shield
 w - a +0 pair of boots (worn)
Jewellery
 h - an uncursed ring of protection from cold {unknown}
 j - a ring of positive energy (left hand)
 s - a ring of protection from magic (right hand)
Wands
 i - a wand of polymorph (10)
 n - a wand of iceblast (10)
Scrolls
 o - a scroll of blinking
 q - a scroll of amnesia
 r - a scroll of enchant weapon
 u - a scroll of teleportation
 v - a scroll of remove curse
Potions
 c - a potion of mutation {unknown}
 e - a potion of stabbing
 m - a potion of resistance {unknown}
 p - a potion of magic
 t - a potion of brilliance {unknown}


   Skills:
 - Level 2.0 Fighting
 * Level 9.9 Long Blades
 - Level 1.7 Throwing
 + Level 2.9 Armour
 - Level 2.6 Dodging
 - Level 1.0 Spellcasting
 - Level 3.0 Necromancy


You had 5 spell levels left.
You knew the following spells:

 Your Spells              Type           Power        Failure   Level
a - Pain                  Necr           #...         11%         1
b - Vampiric Draining     Necr           #.........   32%         3

Your spell library contained the following spells:

 Spells                   Type           Power        Failure   Level
 Animate Skeleton         Necr           #.....       11%         1
 Sublimation of Blood     Necr           #.........   16%         2


Dungeon Overview and Level Annotations

Branches:
Dungeon (7/15)
 Temple: D:4-7

Altars:
Ashenzari
Dithmenos
Elyvilon
Kikubaaqudgha
Makhleb
Qazlal
Ru
Trog
Uskayaw
The Shining One


Innate Abilities, Weirdness & Mutations

You have a pair of antennae on your head.
You are partially covered in slimy green scales. (AC +2)
You regenerate health from kills.
You sometimes gain a little power by taking damage.


Message History

* * * LOW HITPOINT WARNING * * *
You focus on the pain.
You feel very mighty all of a sudden.
You hit the ice beast.
The ice beast is lightly wounded.
The ice beast hits you but does no damage.
Casting: Pain (safe; 11% risk of failure)
Confirm with . or Enter, or press ? or * to list all spells.
Aiming: Pain (safe; 11% risk of failure)
Press: ? - help, Shift-Dir - straight line, f/p - ice beast
Aim: an ice beast (lightly wounded, chance to defeat MR: 53%)
The ice beast writhes in agony.
The ice beast hits you but does no damage.
You hit the ice beast.
The ice beast is heavily wounded.
The ice beast hits you.
* * * LOW HITPOINT WARNING * * *
The ice beast freezes you!
You die...
Kikubaaqudgha rasps: "You have failed me!
Welcome... death!"

#.....# #.....#
#.....# #.....#
#.....# { #.<...#
#.#.### ##+##
######.####......
........@Y........
..#####.#.........
#.#.......#.
#.#.......#
..........#
..........#
#..........#
#..........#


You could see an ice beast.

Vanquished Creatures
  An ice beast (D:3)
  2 sky beasts
  3 ogres
  A centaur (D:5)
  2 bullfrogs
  A water moccasin skeleton (D:4)
  2 scorpions
  9 hounds
  A bullfrog skeleton (D:5)
  A centaur skeleton (D:4)
  3 orc priests (D:5)
  3 orc wizards
  An iguana (D:6)
  4 worker ants
  2 hound zombies (D:6)
  A hound skeleton (D:6)
  Robin (D:4)
  6 gnolls
  7 adders
  2 white imps (D:6)
  An ooze (D:2)
  An adder zombie (D:5)
  3 worms
  A dart slug (D:1)
  5 leopard geckos
  11 orcs
  12 bats
  6 giant cockroaches
  12 hobgoblins
  11 jackals
  3 quokkas (D:4)
  A ball python (D:2)
  9 frilled lizards
  20 goblins
  7 kobolds
  A quokka zombie (D:6)
  10 rats
167 creatures vanquished.

Notes
Turn   | Place    | Note
-------+----------+-------------------------------------------
     0 | D:1      | 2tc the Demonspawn Gladiator began the quest for the Orb.
     0 | D:1      | Reached XP level 1. HP: 16/16 MP: 1/1
    68 | D:1      | Reached skill level 3 in Long Blades
   435 | D:1      | Gained mutation: You regenerate a little health from kills.
                  | [demonic ancestry]
   435 | D:1      | Reached XP level 2. HP: 22/22 MP: 2/2
   842 | D:1      | Reached XP level 3. HP: 27/27 MP: 3/3
  1170 | D:2      | Noticed a +0 dagger
  1171 | D:2      | Noticed a +0 dagger
  1172 | D:2      | Found a hide-covered altar of Uskayaw.
  1398 | D:2      | HP: 1/27 [worm (9)]
  1804 | D:2      | Reached skill level 4 in Long Blades
  1996 | D:2      | Found a white marble altar of Elyvilon.
  2160 | D:2      | Found a stormy altar of Qazlal.
  2419 | D:3      | Found a shadowy altar of Dithmenos.
  2428 | D:3      | Gained mutation: You have a pair of small antennae on your
                  | head. [demonic ancestry]
  2428 | D:3      | Reached XP level 4. HP: 31/33 MP: 4/4
  2951 | D:3      | Found a sacrificial altar of Ru.
  2952 | D:3      | Found a bloodstained altar of Trog.
  2953 | D:3      | Found an ancient bone altar of Kikubaaqudgha.
  2953 | D:3      | Found a burning altar of Makhleb.
  2958 | D:3      | Became a worshipper of Kikubaaqudgha
  3254 | D:3      | Reached skill level 5 in Long Blades
  3254 | D:3      | Reached skill level 1 in Necromancy
  3372 | D:4      | Noticed an ogre
  3447 | D:4      | Killed an ogre
  3447 | D:4      | Gained mutation: You sometimes gain a little power by
                  | taking damage. [demonic ancestry]
  3447 | D:4      | Reached XP level 5. HP: 14/38 MP: 5/5
  3578 | D:4      | HP: 2/57 [poisoned by a worker ant]
  3893 | D:4      | Gained mutation: You regenerate health from kills. [demonic
                  | ancestry]
  3893 | D:4      | Reached XP level 6. HP: 35/44 MP: 6/6
  3967 | D:4      | Identified the cursed -3 helmet of the Sun {Str+2 Int+5}
  3967 | D:4      | Noticed Robin
  4004 | D:4      | Killed Robin
  4034 | D:4      | Reached skill level 6 in Long Blades
  4081 | D:4      | Reached * piety under Kikubaaqudgha
  4081 | D:4      | Identified Kikubaaqudgha's Tome of Evil Secrets
                  | (Kikubaaqudgha gifted it to you on level 4 of the Dungeon)
  4081 | D:4      | Received a gift from Kikubaaqudgha
  4101 | D:4      | Learned a level 1 spell: Pain
  4151 | D:4      | Noticed a sky beast
  4181 | D:4      | Killed a sky beast
  4614 | D:4      | Gained mutation: You are partially covered in slimy green
                  | scales. (AC +2) [demonic ancestry]
  4614 | D:4      | Reached XP level 7. HP: 30/50 MP: 6/8
  4771 | D:4      | Reached skill level 1 in Spellcasting
  5240 | D:4      | Reached skill level 7 in Long Blades
  5318 | D:5      | Entered Level 5 of the Dungeon
  5776 | D:3      | Reached skill level 8 in Long Blades
  6017 | D:5      | Gained mutation: You have a pair of antennae on your head.
                  | [demonic ancestry]
  6017 | D:5      | Reached XP level 8. HP: 37/56 MP: 9/9
  6305 | D:5      | Reached skill level 9 in Long Blades
  6371 | D:5      | Reached skill level 1 in Armour
  6679 | D:6      | Reached ** piety under Kikubaaqudgha
  7237 | D:6      | Found a glowing golden altar of the Shining One.
  7468 | D:6      | Found a broken altar of Ashenzari.
  7830 | D:5      | Learned a level 3 spell: Vampiric Draining
  8287 | D:7      | Slain by an ice beast

Illustrated notes

Levels and vault maps discovered:
D:1:      matt_arrival_los_fun, layout_loops_corners, serial_glass,
          glass_columns_a, glass_columns_c, glass_columns_c, glass_columns_b,
          glass_columns_a, glass_columns_a, glass_columns_a, glass_columns_a,
          item_on_display_a, minmay_strange_pillars, item_on_display_a,
          due_unseen_surprise
D:2:      layout_loops_corners, dancing_weapons_uskayaw,
          nicolae_qazlal_general_emergency, elyvilon_altar_3
D:3:      layout_loops_corners, nicolae_dithmenos_shadow_blocks,
          chequers_temple_overflow_statue_of_worship, kennysheep_donut,
          moated_statue
D:4:      layout_rooms, uniq_robin
D:5:      layout_gridville, minmay_misc_feat_more_columns
D:6:      layout_rooms, nicolae_ashenzari_panopticon, minmay_misc_feat_square,
          nicolae_tso_carved_into_rock
D:7:      layout_basic, old_standard_altar, minmay_temple_entry_glassed_door,
          nicolae_water_bricks, kennysheep_generic_room_14

Skill      XL: |  1  2  3  4  5  6  7  8 |
---------------+-------------------------+-----
Long Blades    | 3 4 5 6 8 9 |  9.9
Necromancy     | 2 3 |  3.0
Spellcasting   | 1 |  1.0
Armour         | 2 |  2.9
Fighting       | |  2.0
Throwing       | |  1.7
Dodging        | |  2.6

Action                   |  1- 3 |  4- 6 |  7- 9 || total
-------------------------+-------+-------+-------++-------
Melee: Long sword        |   143 |   180 |   306 ||   629
 Cast: Pain              |       |     2 |    38 ||    40
  Use: Scroll            |     5 |     3 |     4 ||    12
       Potion            |       |     5 |     4 ||     9
 Stab: Sleeping          |     1 |       |     1 ||     2
Armor: Ring mail         |    51 |    57 |       ||   108
       Leather armour    |       |     5 |   102 ||   107
Dodge: Dodged            |    72 |   125 |   169 ||   366
       Rpst.: Long sword |    21 |    37 |    56 ||   114

Table legend: (Time is in decaauts)
 A = Elapsed time spent in this place.
 B = Non-inter-level travel time spent in this place.
 C = Inter-level travel time spent in this place.
 D = Time resting spent in this place.
 E = Time spent auto-exploring this place.
 F = Levels seen in this place.
 G = Mean time per level.
                   A        B        C        D        E       F      G
               +--------+--------+--------+--------+--------+-----+--------+
         Total |   8338 |   8058 |    280 |   3339 |   3106 |   7 | 1191.1 |
       Dungeon |   8338 |   8058 |    280 |   3339 |   3106 |   7 | 1191.1 |
               +--------+--------+--------+--------+--------+-----+--------+

Top non-repeatable levels by time:
     D:4: 2004 daAuts
     D:3: 1507 daAuts
     D:6: 1467 daAuts
     D:1: 1161 daAuts
     D:2: 1145 daAuts
     D:5: 1029 daAuts
     D:7: 21 daAuts
